 Dungeon Crawl Stone Soup version 0.24.0-123-gd5b16e6ec5 (webtiles) character file.

Game seed: 12511718035605502983, levelgen mode: deterministic

28450 Johnny the Geomancer (level 12, 0/81 HPs)
             Began as a Demigod Earth Elementalist on Jan 27, 2020.
             Slain by Azrael
             ... wielding a +3 scimitar of flaming
              (13 damage)
             ... on level 14 of the Dungeon.
             The game lasted 00:24:01 (15356 turns).

Johnny the Geomancer (Demigod Earth Elementalist)  Turns: 15356, Time: 00:24:01

Health: 0/81       AC:  6    Str: 11    XL:     12   Next: 76%
Magic:  24/34      EV: 13    Int: 35    God:
Gold:   837        SH:  0    Dex: 20    Spells: 21/37 levels left

rFire    . . .     SeeInvis +   w - +3 hand axe of Ruumoar {drain, rElec Int+4 Dex+4}
rCold    . . .     Gourm    .   (no shield)
rNeg     . . .     Faith    .   c - +0 robe
rPois    .         Spirit   .   G - +0 helmet
rElec    +         Reflect  .   C - +0 cloak {MR+}
rCorr    .         Harm     .   y - +1 pair of gloves
MR       ++...                  (no boots)
Stlth    ++........             r - amulet of regeneration
HPRegen  0.63/turn              B - ring of see invisible
MPRegen  0.24/turn              z - +4 ring of intelligence

@: about to teleport
A: high mp 1
a: no special abilities


You were on level 14 of the Dungeon.
You were near starving.

You visited 1 branch of the dungeon, and saw 14 of its levels.
You also visited: Gauntlet.

You collected 837 gold pieces.

Inventory:

Hand Weapons
 w - the +3 hand axe of Ruumoar (weapon) {drain, rElec Int+4 Dex+4}
   (You found it on level 4 of the Dungeon)

   A truly terrible weapon, it drains the life of those it strikes.
   It affects your intelligence (+4).
   It affects your dexterity (+4).
   It insulates you from electricity.
Missiles
 b - 188 stones (quivered)
Armour
 c - a +0 robe (worn)
 t - a scarf of repulsion
 y - a +1 pair of gloves (worn)
 C - a +0 cloak of magic resistance (worn)
 G - a +0 helmet (worn)
 W - the +10 plate armour "Xuicuas" {Str+4, unknown}
   (You found it on level 14 of the Dungeon)

   It affects your strength (+4).
Magical Staves
 R - an uncursed staff of energy {unknown}
 T - an uncursed staff of earth {unknown}
Jewellery
 l - an uncursed ring of protection from fire {unknown}
 r - an amulet of regeneration (around neck)
 z - a +4 ring of intelligence (right hand)
 B - a ring of see invisible (left hand)
 Q - the ring "Joynogogg" {+Fly Str+2}
   (You found it in a Gauntlet)

   [ring of flight]

   It affects your strength (+2).
   It lets you fly.
Wands
 n - a wand of random effects (30)
 D - a wand of flame (33)
 M - a wand of polymorph (10)
 P - a wand of iceblast (6)
Scrolls
 a - 6 scrolls of teleportation
 f - a scroll of fear
 h - a scroll of magic mapping
 i - 8 scrolls of remove curse
 j - 3 scrolls of fog
 o - 3 scrolls of random uselessness
 s - 2 scrolls of amnesia
 u - a scroll of immolation
 x - 2 scrolls of noise
 H - a scroll of vulnerability {unknown}
 J - a scroll of blinking
 O - 2 scrolls of enchant armour {unknown}
 S - a scroll of enchant weapon {unknown}
 U - a scroll of acquirement {unknown}
Potions
 e - a potion of resistance {unknown}
 g - 5 potions of curing
 k - 3 potions of flight {unknown}
 m - 4 potions of heal wounds
 p - 2 potions of brilliance {unknown}
 q - 3 potions of agility
 v - 2 potions of mutation {unknown}
 A - 4 potions of berserk rage {unknown}
 E - 2 potions of lignification {unknown}
 F - a potion of might {unknown}
 I - a potion of cancellation {unknown}
 K - a potion of magic {unknown}
 L - 2 potions of haste {unknown}
 N - 13 potions of degeneration
Comestibles
 d - 25 rations


   Skills:
 + Level 2.4 Dodging
 - Level 1.7 Stealth
 + Level 13.1 Spellcasting
 - Level 0.8 Transmutations
 + Level 14.2 Earth Magic


You had 21 spell levels left.
You knew the following spells:

 Your Spells              Type           Power        Failure   Level  Hunger
a - Sandblast             Erth           ######       0%          1    None
b - Stone Arrow           Conj/Erth      ######       1%          3    None
c - Lee's Rapid Deconstr  Erth           #######...   1%          5    None
d - Petrify               Tmut/Erth      ######..     1%          4    None
e - Vampiric Draining     Necr           ###.......   5%          3    None

Your spell library contained the following spells:

 Spells                   Type           Power        Failure   Level  Hunger
 Animate Skeleton         Necr           N/A          1%          1    None
 Confusing Touch          Hex            ###...       1%          1    None
 Pain                     Necr           ###.         1%          1    None
 Summon Butterflies       Summ           ###.....     1%          1    None
 Passwall                 Tmut/Erth      ######..     1%          2    None
 Call Canine Familiar     Summ           ###.....     5%          3    None
 Confuse                  Hex            ###.....     5%          3    None
 Gell's Gravitas          Tloc           ###.......   5%          3    None
 Regeneration             Chrm/Necr      ###.......   5%          3    None
 Animate Dead             Necr           N/A          19%         4    None
 Summon Ice Beast         Ice/Summ       ###.....     19%         4    None
 Yara's Violent Unravell  Hex/Tmut       ####......   38%         5    None
 Metabolic Englaciation   Hex/Ice        ###.......   45%         5    None
 Summon Mana Viper        Hex/Summ       ###.....     45%         5    None
 Poison Arrow             Conj/Pois      ###.......   95%         6    ###....
 Lehudib's Crystal Spear  Conj/Erth      ######....   99%         8    ######.
 Summon Hydra             Summ           ###.......   100%        7    #####..
 Chain Lightning          Conj/Air       ###.......   100%        8    ######.
 Fire Storm               Conj/Fire      ###.......   100%        9    #######
 Glaciate                 Conj/Ice       ###.......   100%        9    #######


Dungeon Overview and Level Annotations

Branches:
Dungeon (14/15)            Temple (0/1) D:6            Lair (0/6) D:10
    Orc (0/2) D:10        Gauntlet (visited)
 Vaults: D:13-14

Shops:
D:6 (

Annotations:
D:14 Azrael


Innate Abilities, Weirdness & Mutations

You have an increased reservoir of magic. (+10% MP)


Message History

The wall shatters!
The blast of rock fragments hits Azrael!!
Azrael is moderately wounded.
You hear a shout!
Azrael gestures at you.
The sphere of damnation explodes!
The damnation engulfs you!!!
Ouch! That really hurt!
* * * LOW HITPOINT WARNING * * *
The damnation engulfs Azrael.
Azrael completely resists.
You hear a croak.
Casting: Lee's Rapid Deconstruction (safe; 1% risk of failure)
Confirm with . or Enter, or press ? or * to list all spells.
Aiming: Lee's Rapid Deconstruction (safe; 1% risk of failure)
Press: ? - help, Dir - move target cursor A rock wall.
The wall shatters!
The blast of rock fragments hits Azrael but does no damage.
Azrael is lightly wounded.
Azrael hits you with a +3 scimitar of flaming!
You die...

F......# #......#
##......# .'......#
#.C....# #......#
#....☼.#
#################R#
................@.#
..#..#..#..#..#...#
..................#
..#..#..#..#..#...#
..................#
###################


You could see Azrael.

Vanquished Creatures
  Nessos (D:13)
  A minotaur (Gauntlet)
  Erolcha (D:10)
  Erica (D:10)
  A centaur warrior (D:10)
  A catoblepas (Gauntlet)
  2 two-headed ogres
  A tengu warrior (Gauntlet)
  The ghost of ant the Cudgeler, a novice TrBe of Trog (D:8)
  A fire crab (Gauntlet)
  3 skeletal warriors (D:12)
  An unseen horror (D:12)
  7 ugly things
  An elephant (D:10)
  A cyclops (D:14)
  Joseph (D:9)
  3 gargoyles
  4 kobold demonologists
  A tengu conjurer (D:12)
  3 trolls
  A hornet (D:14)
  A harpy zombie (D:14)
  Grinder (D:6)
  3 slime creatures (D:12)
  6 hippogriffs
  A meliai zombie (D:13)
  A yak (D:10)
  4 hogs (D:7)
  4 fire bats (Gauntlet)
  3 fire elementals (D:14)
  A human (D:7)
  A hungry ghost (D:9)
  2 vampire mosquitoes (D:13)
  2 basilisks (D:10)
  4 hell hounds
  4 wargs (D:10)
  A water moccasin (D:9)
  6 orc warriors
  A black bear (D:8)
  4 ice beasts
  3 sky beasts
  3 necrophages
  9 ogres
  2 centaurs
  A crocodile (D:8)
  8 bullfrogs
  3 big kobolds
  A scorpion (D:7)
  4 killer bees
  A water moccasin skeleton (D:10)
  3 wights (D:9)
  2 howler monkeys
  A centaur zombie (D:8)
  5 crimson imps
  A wyvern simulacrum (D:12)
  4 hounds
  10 orc priests
  2 bullfrog zombies
  Crazy Yiuf (D:5)
  5 centaur skeletons
  A gnoll shaman (D:8)
  3 jellies
  11 orc wizards
  4 bullfrog skeletons
  5 worker ants
  3 iguanas
  3 hound zombies
  A howler monkey zombie (D:11)
  A worker ant zombie (D:7)
  7 gnolls
  5 adders
  5 shadow imps
  2 oozes
  An adder zombie (D:5)
  2 worms
  3 dart slugs
  4 leopard geckos
  52 orcs
  4 bats
  A bat zombie (D:8)
  4 goblins
  10 hobgoblins
  7 jackals
  7 quokkas
  2 frilled lizards
  16 kobolds
  A quokka skeleton (D:7)
  4 rats
  5 rat zombies (D:8)
330 creatures vanquished.

Vanquished Creatures (collateral kills)
  An ugly thing (D:11)
1 creature vanquished.

Vanquished Creatures (others)
  A human (D:8)
1 creature vanquished.

Grand Total: 332 creatures vanquished

Notes
Turn   | Place    | Note
-------+----------+-------------------------------------------
     0 | D:1      | Johnny the Demigod Earth Elementalist began the quest for
                  | the Orb.
     0 | D:1      | Reached XP level 1. HP: 14/14 MP: 5/5
    60 | D:1      | Reached skill level 3 in Earth Magic
   171 | D:1      | Reached XP level 2. HP: 20/20 MP: 5/7
  1365 | D:2      | Reached XP level 3. HP: 26/26 MP: 7/9
  2178 | D:3      | Reached XP level 4. HP: 33/33 MP: 6/11
  2222 | D:3      | Learned a level 3 spell: Stone Arrow
  2232 | D:3      | Reached skill level 4 in Earth Magic
  3264 | D:4      | Reached XP level 5. HP: 36/38 MP: 5/13
  3367 | D:4      | Noticed an ogre
  3374 | D:4      | Killed an ogre
  3403 | D:4      | Noticed an ogre
  3411 | D:4      | Killed an ogre
  3411 | D:4      | Reached skill level 5 in Earth Magic
  3411 | D:4      | Reached XP level 6. HP: 22/45 MP: 9/15
  3791 | D:4      | Got a polished hand axe
  3792 | D:4      | Identified the +3 hand axe of Ruumoar {drain, rElec Int+4
                  | Dex+4} (You found it on level 4 of the Dungeon)
  4159 | D:5      | Entered Level 5 of the Dungeon
  4426 | D:5      | Reached XP level 7. HP: 24/50 MP: 13/17
  4427 | D:5      | Reached skill level 5 in Spellcasting
  4427 | D:5      | Reached skill level 6 in Earth Magic
  4588 | D:5      | You fall into a shaft and drop 3 floors!
  4686 | D:7      | Found a shimmering altar of Xom.
  4785 | D:6      | Found a staircase to the Ecumenical Temple.
  4791 | D:6      | Noticed Grinder
  4791 | D:6      | Paralysed by Grinder for 6 turns
  4802 | D:6      | Killed Grinder
  4881 | D:5      | Reached skill level 7 in Earth Magic
  4881 | D:5      | Reached XP level 8. HP: 48/57 MP: 15/20
  5287 | D:5      | Found a runed translucent door.
  5288 | D:5      | Noticed Crazy Yiuf
  5293 | D:5      | Killed Crazy Yiuf
  5579 | D:6      | Found a blossoming altar of Fedhas.
  5615 | D:6      | Found Nugadogo's Weapon Shop.
  5660 | D:6      | Found a shimmering blue altar of Sif Muna.
  5661 | D:6      | Found a glowing golden altar of the Shining One.
  5889 | D:6      | Found a radiant altar of Vehumet.
  6182 | D:7      | Reached skill level 8 in Earth Magic
  6269 | D:7      | Noticed a hippogriff
  6486 | D:7      | Killed a hippogriff
  6730 | D:7      | Reached XP level 9. HP: 25/62 MP: 20/24
  6738 | D:7      | HP: 2/62 [hog (8)]
  6740 | D:7      | Reached skill level 9 in Earth Magic
  7003 | D:8      | Learned a level 5 spell: Lee's Rapid Deconstruction
  7321 | D:8      | Found an ancient bone altar of Kikubaaqudgha.
  7419 | D:8      | Found a large runed translucent door.
  7419 | D:8      | Found a large runed translucent door.
  7420 | D:8      | Noticed ant's ghost (novice TrBe)
  7599 | D:8      | Found an ancient bone altar of Kikubaaqudgha.
  7703 | D:8      | Killed ant's ghost
  7916 | D:9      | Reached skill level 10 in Earth Magic
  8089 | D:9      | Reached XP level 10. HP: 69/69 MP: 6/27
  8301 | D:9      | Found an ornate altar of the Wu Jian Council.
  8598 | D:9      | Noticed Joseph
  8601 | D:9      | Killed Joseph
  8605 | D:9      | Found a snail-covered altar of Cheibriados.
  8729 | D:10     | Entered Level 10 of the Dungeon
  8927 | D:10     | Noticed Erolcha
  8934 | D:10     | Killed Erolcha
  8934 | D:10     | Reached skill level 10 in Spellcasting
  8934 | D:10     | Reached skill level 11 in Earth Magic
  8940 | D:10     | Noticed Erica
  9060 | D:10     | Noticed a centaur warrior
  9068 | D:9      | Learned a level 4 spell: Petrify
  9072 | D:9      | Learned a level 3 spell: Vampiric Draining
  9077 | D:10     | Killed a centaur warrior
  9501 | D:10     | Noticed a two-headed ogre
  9509 | D:10     | Killed a two-headed ogre
  9614 | D:10     | Reached XP level 11. HP: 74/74 MP: 5/30
  9938 | D:10     | Found a staircase to the Lair.
  9981 | D:10     | Killed Erica
 10167 | D:10     | Found a staircase to the Orcish Mines.
 10310 | D:11     | Reached skill level 12 in Earth Magic
 10365 | D:11     | Found a corrupted altar of Lugonu.
 11001 | D:11     | Found a glowing golden altar of the Shining One.
 11027 | D:11     | Noticed a two-headed ogre
 11046 | D:11     | Killed a two-headed ogre
 11754 | D:12     | Found a gate leading to a gauntlet.
 11763 | Gauntlet | Entered a Gauntlet
 11763 | Gauntlet | Found a transporter.
 11763 | Gauntlet | Found a transporter.
 11763 | Gauntlet | Found a transporter.
 11763 | Gauntlet | Noticed a catoblepas
 11775 | Gauntlet | Found a transporter.
 11778 | Gauntlet | Found a transporter.
 11784 | Gauntlet | Found a runed translucent gate.
 11784 | Gauntlet | Found a runed translucent gate.
 11784 | Gauntlet | Found a runed translucent gate.
 11786 | Gauntlet | Found a transporter.
 11789 | Gauntlet | Found a transporter.
 11797 | Gauntlet | Found a transporter.
 11806 | Gauntlet | Noticed an entropy weaver
 11814 | Gauntlet | Noticed a fire crab
 11815 | Gauntlet | Found a transporter.
 11832 | Gauntlet | Found a transporter.
 11835 | Gauntlet | Found a transporter.
 11836 | Gauntlet | Noticed a tengu warrior
 11845 | Gauntlet | Found a transporter.
 11939 | Gauntlet | Killed a catoblepas
 12056 | Gauntlet | Killed a tengu warrior
 12069 | Gauntlet | Got an ichor-stained great sword
 12147 | Gauntlet | Reached skill level 13 in Earth Magic
 12150 | Gauntlet | Killed a fire crab
 12244 | Gauntlet | Got a wavering granite ring
 12248 | Gauntlet | Identified the ring "Joynogogg" {+Fly Str+2} (You found it
                  | in a Gauntlet)
 12359 | Gauntlet | Noticed a minotaur
 12363 | Gauntlet | Killed a minotaur
 12363 | Gauntlet | Reached XP level 12. HP: 38/81 MP: 11/32
 12543 | D:12     | HP: 4/81 [red ugly thing (15)]
 13397 | D:12     | Identified the +7 great sword of Uncomfortable Rashes
                  | {freeze, +Fly} (You found it in a Gauntlet)
 13596 | D:13     | Noticed Nessos
 13600 | D:13     | Killed Nessos
 14046 | D:13     | Found an opulent altar of Gozag.
 14586 | D:14     | Reached skill level 14 in Earth Magic
 14604 | D:14     | Got an ichor-stained plate armour
 15351 | D:14     | Noticed Azrael
 15356 | D:14     | Slain by Azrael

Levels and vault maps discovered:
D:1:      mrwooster_arrival_statue, layout_loops_ring, kennysheep_minor_cross,
          minmay_misc_feat_plants
D:2:      layout_loops_corners
D:3:      layout_loops_corners
D:4:      layout_basic, minmay_door_square, minmay_checkerbox
D:5:      minmay_inner_zag, layout_cave_pools, first_ration,
          uniq_crazy_yiuf_cottage
D:6:      layout_basic, gammafunk_temple_overflow_statue, vehumet_altar_wand_db,
          temple_pool_b, serial_shops, kennysheep_mini, fedhas_altar_2,
          uniq_grinder
D:7:      layout_cave_pools, lemuel_crystal_altar, grunt_livestock
D:8:      layout_cave_pools, lemuel_zombie_altar_kikubaaqudgha,
          ebering_ghost_disaster_area, tgw_kikubaaqudgha
D:9:      layout_gridville, overflow_temple_1_default,
          nicolae_overflow_crystal_walls, uniq_joseph
D:10:     layout_big_octagon, david_lair_generic, minmay_orc_entry_guard_dogs,
          uniq_erolcha, uniq_erica
D:11:     kennysheep_kobold_lugonu_temple, layout_basic, tso_altar
D:12:     layout_irregular_city, gauntlet_entry_generic, enter_bailey_7,
          minivault_20
D:13:     layout_loops_corners, nicolae_gozag_cash_rules_everything_around_me,
          uniq_nessos
D:14:     layout_roguey, david_vaults_4, columned_hall_lemuel, uniq_azrael

Skill      XL: |  1  2  3  4  5  6  7  8  9 10 11 12 |
---------------+-------------------------------------+-----
Earth Magic    | 3 4 5 7 8 10 11 13 14 | 14.2
Spellcasting   | 2 3 4 6 7 9 10 12 13 | 13.1
Dodging        | 2 |  2.4
Stealth        | |  1.7
Transmutations | |  0.8

Action                   |  1- 3 |  4- 6 |  7- 9 | 10-12 || total
-------------------------+-------+-------+-------+-------++-------
Melee: Unarmed           |    43 |    10 |       |       ||    53
       Hand axe          |       |    13 |    49 |   109 ||   171
 Cast: Sandblast         |    41 |    66 |   119 |   127 ||   353
       Stone Arrow       |       |       |    26 |    29 ||    55
       Lee's Rapid Decon |       |       |    18 |   115 ||   133
       Petrify           |       |       |       |    14 ||    14
Evoke: Wand              |       |       |     8 |       ||     8
       Sack of spiders   |       |       |       |     2 ||     2
  Use: Scroll            |       |       |     3 |    13 ||    16
       Potion            |       |       |     1 |     2 ||     3
 Stab: Sleeping          |     1 |     2 |     1 |     3 ||     7
       Petrified         |       |       |       |     8 ||     8
  Eat: Chunk             |     3 |     7 |    14 |    20 ||    44
       Ration            |       |       |       |     1 ||     1
Armor: Robe              |    12 |     2 |    37 |    67 ||   118
Dodge: Dodged            |    54 |    31 |    95 |   168 ||   348
